Map: [TLMC19] El Dorado

Players

DKZDark (Dark)

  • Race: Zerg Zerg
  • League: Master
  • Spawn Location: 7:00

ByuN - Winner!

  • Race: Terran Terran
  • Spawn Location: 5:00

VOD

Have the link to the VOD?

Description

Time

  • Played on: Dec. 22, 2023, 9:01 a.m.
  • Length: 22:11
Show
View Real Time Build Order
Export as new Build Order

DKZDark Zerg 

Build Orders: Hatch First 

Get SALT Encoding   

  12  0:00  Drone  
  13  0:12  Overlord  
  13  0:18  Drone  
  14  0:31  Drone x2  
  16  0:50  Hatchery  
  16  0:53  Drone  
  16  0:56  Drone  
  17  0:59  Drone  
  18  1:09  Extractor  
  17  1:15  Spawning Pool  
  16  1:19  Drone  
  16  1:22  Drone  
  18  1:30  Drone  
  20  1:40  Drone  
  20  1:50  Drone  
  21  2:02  Queen x2  
  21  2:03  Drone x2  
  27  2:13  Overlord  
  27  2:14  Drone  
  28  2:31  Drone x2  
  28  2:36  Drone x2  
  32  2:39  Hatchery  
  32  2:41  Queen  
  33  2:46  Overlord  
  33  2:48  Drone  
  34  2:55  Drone  
  34  2:56  Drone  
  36  3:04  Queen  
  38  3:09  Drone  
  38  3:10  Drone x2  
  41  3:12  Overlord  
  41  3:14  Drone  
  41  3:16  Drone  
  43  3:22  Drone  
  44  3:30  Queen  
  44  3:31  Drone  
  44  3:32  Drone x2  
  49  3:39  Drone x2, Roach Warren  
  49  3:41  Drone, Extractor  
  49  3:42  Drone x2  
  49  3:47  Overlord  
  52  3:52  Lair  
  52  3:53  Overlord  
  52  3:54  Drone  
  53  3:56  Extractor  
  53  3:57  Drone  
  53  3:58  Drone  
  54  4:04  Overlord  
  54  4:05  Drone  
  54  4:07  Drone x2  
  57  4:13  Drone x4  
  61  4:17  Drone  
  61  4:18  Drone x2  
  61  4:23  Extractor  
  61  4:24  Drone  
  64  4:26  Roach  
  64  4:27  Extractor, Roach x2  
  64  4:31  Roach  
  71  4:40  Roach x4  
  79  4:49  Roach  
  79  4:51  Overlord  
  81  4:53  Overlord, Glial Reconstitution  
  81  4:54  Overseer  
  81  4:57  Drone  
  82  5:01  Evolution Chamber  
  82  5:04  Evolution Chamber  
  82  5:05  Roach  
  82  5:12  Ravager  
  82  5:13  Ravager x2  
  85  5:14  Roach x3  
  85  5:15  Roach x2  
  95  5:21  Overlord  
  95  5:22  Overlord x3  
  95  5:28  Extractor  
  94  5:29  Overlord  
  94  5:32  Overlord  
  94  5:34  Zerg Missile Weapons Level 1  
  94  5:36  Zerg Ground Armor Level 1  
  94  5:40  Overlord  
  94  5:41  Drone x3  
  94  5:42  Drone  
  98  5:43  Drone  
  98  5:45  Drone  
  98  5:48  Roach  
  98  5:49  Roach  
  104  5:53  Drone x2  
  106  5:59  Infestation Pit  
  106  6:00  Roach x2  
  104  6:13  Drone x4  
  104  6:15  Roach  
  112  6:18  Roach x2  
  112  6:20  Roach  
  112  6:24  Roach x3  
  122  6:29  Roach  
  122  6:30  Overseer, Roach x2  
  122  6:31  Roach  
  122  6:32  Ravager, Roach  
  133  6:39  Overlord  
  133  6:41  Roach  
  133  6:46  Hive  
  135  6:48  Drone x3  
  135  6:51  Drone  
  139  6:54  Infestor x2  
  139  6:55  Burrow  
  143  7:05  Drone x2  
  143  7:07  Tunneling Claws  
  145  7:10  Roach x3  
  145  7:11  Roach  
  145  7:15  Overlord x4  
  153  7:16  Overlord  
  153  7:21  Overlord  
  153  7:23  Overlord  
  153  7:25  Overlord  
  153  7:28  Overlord  
  153  7:34  Zerg Missile Weapons Level 2, Zerg Ground Armor Level 2  
  153  7:40  Roach  
  153  7:41  Metabolic Boost, Roach  
  153  7:43  Zergling x2  
  153  7:44  Zergling x8  
  162  7:57  Drone  
  163  8:02  Ultralisk Cavern  
  162  8:05  Hatchery  
  162  8:08  Zergling x4  
  162  8:09  Zergling x4  
  165  8:13  Viper  
  165  8:14  Viper  
  165  8:16  Zergling x8  
  175  8:25  Zergling x8  
  179  8:30  Zergling x8  
  179  8:34  Roach x7  
  183  8:36  Zergling x6  
  186  8:42  Zergling x4  
  186  8:43  Zergling x4  
  186  8:47  Hatchery  
  187  8:48  Drone  
  187  8:49  Drone  
  188  9:01  Chitinous Plating  
  180  9:06  Drone  
  180  9:08  Drone x5  
  180  9:09  Ultralisk x2  
  198  9:15  Drone x2  
  198  9:17  Spore Crawler x4, Drone  
  199  9:18  Drone  
  197  9:25  Roach x16  
  197  9:28  Drone x2  
  198  9:32  Spore Crawler  
  198  9:33  Hatchery  
  191  10:08  Zergling x4  
  189  10:15  Spire  
  189  10:17  Drone  
  189  10:18  Drone  
  189  10:19  Drone x5  
  189  10:20  Drone  
  196  10:26  Spine Crawler  
  196  10:28  Spine Crawler, Drone  
  195  10:30  Spine Crawler, Drone x4  
  198  10:36  Zerg Ground Armor Level 3  
  189  10:56  Ultralisk Cavern, Hatchery  
  187  11:03  Spore Crawler x2  
  183  11:05  Spore Crawler x2  
  183  11:06  Spore Crawler  
  183  11:08  Evolution Chamber  
  178  11:12  Drone x9  
  178  11:13  Drone x4, Evolution Chamber  
  178  11:14  Drone x10  
  178  11:16  Spine Crawler, Extractor  
  178  11:17  Spine Crawler  
  197  11:25  Spine Crawler, Drone x5, Spore Crawler x3  
  197  11:26  Spine Crawler  
  197  11:32  Spore Crawler  
  181  11:36  Drone x3  
  181  11:39  Zergling x22  
  192  11:41  Greater Spire  
  192  11:42  Zerg Melee Weapons Level 1, Zerg Missile Weapons Level 3  
  191  11:48  Ravager x3  
  191  11:51  Baneling Nest  
  173  12:06  Zergling x24  
  172  12:27  Infestor x3  
  172  12:29  Ravager  
  179  12:32  Corruptor x9  
  179  12:34  Hatchery  
  179  12:35  Centrifugal Hooks  
  184  13:00  Zergling x40  
  184  13:01  Zergling x4  
  168  13:13  Brood Lord x6  
  168  13:14  Brood Lord  
  168  13:16  Zergling x2  
  168  13:17  Zergling x20  
  190  13:23  Baneling  
  190  13:24  Baneling x4  
  183  13:30  Ravager  
  170  13:38  Zergling x38  
  180  13:43  Brood Lord  
  180  13:48  Brood Lord  
  180  13:59  Zergling x26  
  164  14:15  Zergling x12  
  149  14:24  Infestor x2  
  149  14:25  Infestor, Zergling x2  
  149  14:26  Zergling x4  
  149  14:29  Zergling x6  
  153  14:42  Ultralisk  
  153  14:43  Zergling x16  
  137  14:53  Ultralisk  
  137  14:54  Zergling x10  
  137  14:56  Zergling x6  
  149  15:01  Ultralisk  
  149  15:02  Zergling x8  
  149  15:05  Zergling x2  
  155  15:12  Zerg Melee Weapons Level 2  
  149  15:15  Zergling x14  
  149  15:17  Zergling x2  
  149  15:20  Drone  
  149  15:21  Drone x2  
  156  15:28  Zergling x2, Ultralisk  
  161  15:32  Zergling x4  
  161  15:34  Drone x3, Spore Crawler  
  165  15:38  Zergling x4  
  161  15:43  Ultralisk  
  161  15:44  Zergling x8  
  161  15:47  Zergling x2  
  161  15:48  Overseer  
  161  15:49  Pneumatized Carapace  
  170  15:51  Baneling x2  
  170  15:55  Drone x4  
  174  15:57  Drone x2, Extractor x2  
  174  15:59  Extractor  
  174  16:01  Zergling x2  
  174  16:05  Zergling x8  
  174  16:08  Drone  
  179  16:12  Queen x4  
  179  16:16  Zergling x10  
  192  16:21  Zergling x2  
  193  16:26  Zergling x4  
  193  16:27  Baneling, Zergling x6  
  193  16:28  Baneling x14  
  193  16:30  Zergling x2  
  193  16:31  Overseer  
  198  16:35  Zergling x2  
  198  16:36  Zergling x2  
  198  16:39  Anabolic Synthesis  
  200  16:44  Baneling x2  
  200  16:46  Overseer  
  194  16:47  Overseer x2  
  193  16:58  Hatchery  
  192  17:02  Zergling x16  
  196  17:22  Zergling x30  
  191  17:23  Zergling x12  
  191  17:29  Zerg Flyer Weapons Level 1  
  197  17:32  Extractor  
  197  17:35  Spire  
  169  17:44  Zergling x24  
  169  17:45  Zergling x6  
  162  17:59  Infestor x4  
  162  18:05  Viper x2  
  175  18:42  Extractor  
  175  18:43  Extractor  
  173  18:50  Zerg Flyer Armor Level 1  
  173  18:51  Corruptor x13  
  199  19:04  Baneling x3  
  198  19:12  Spore Crawler x2  
  198  19:16  Zerg Melee Weapons Level 3  
  196  19:26  Hatchery  
  192  19:48  Brood Lord x4  
  198  19:57  Brood Lord x2  
  181  20:05  Brood Lord x4  
  167  20:16  Zergling x4, Brood Lord  
  167  20:17  Zergling x44  
  172  20:24  Hatchery  
  172  20:26  Brood Lord  
  171  20:33  Zergling x8  
  175  20:36  Drone  
  175  20:38  Spore Crawler  
  175  20:39  Spore Crawler, Brood Lord  
  175  20:41  Extractor  
  175  20:42  Zergling x4  
  177  20:43  Zergling x2  
  177  20:44  Zergling x6  
  177  20:47  Hatchery  
  180  20:52  Zergling x4  
  181  21:01  Zergling x2  
  181  21:02  Zergling x18  
  173  21:11  Zergling x4  
  173  21:18  Zergling x8  
  167  21:19  Zergling x8  
  167  21:22  Baneling x6  
  172  21:31  Drone x5  
  172  21:32  Drone x2  
  177  21:44  Zergling x26  
Show
View Real Time Build Order
Export as new Build Order

ByuN Terran - Winner!

Build Orders: Command Center First 

Get SALT Encoding   

  12  0:00  SCV  
  13  0:12  SCV  
  14  0:17  Supply Depot  
  14  0:24  SCV  
  15  0:39  SCV  
  16  0:51  SCV  
  17  1:00  Command Center  
  17  1:03  SCV  
  18  1:14  Barracks  
  18  1:18  SCV  
  19  1:22  Refinery  
  19  1:30  SCV  
  19  1:31  Refinery  
  20  1:42  SCV  
  20  1:46  Barracks  
  21  1:54  SCV  
  22  2:01  Barracks Reactor  
  22  2:07  Orbital Command  
  22  2:19  Orbital Command  
  22  2:32  SCV  
  22  2:33  Barracks Tech Lab  
  22  2:36  Factory  
  23  2:42  Marine  
  23  2:43  Marine  
  25  2:48  SCV x2  
  27  2:53  Stimpack  
  27  2:57  Marine  
  28  3:00  SCV x2  
  28  3:02  Marine  
  28  3:03  Marine  
  32  3:10  Supply Depot  
  32  3:12  SCV x2  
  34  3:15  Marine  
  35  3:22  Marine x2  
  35  3:25  SCV  
  38  3:28  Starport  
  38  3:30  Factory Reactor  
  38  3:32  SCV  
  39  3:36  Supply Depot, Marine  
  39  3:38  SCV  
  41  3:42  Marine  
  41  3:43  Marine  
  41  3:44  SCV  
  44  3:53  SCV  
  44  3:55  Supply Depot  
  45  3:56  SCV  
  45  3:57  Marine  
  45  4:00  Marine  
  45  4:01  Marine  
  49  4:05  SCV  
  49  4:08  SCV  
  51  4:13  Supply Depot, Medivac  
  51  4:14  Factory Tech Lab  
  51  4:16  Refinery, Medivac  
  55  4:17  Marine  
  55  4:18  Marine  
  55  4:19  Marine  
  55  4:21  SCV  
  55  4:22  SCV  
  60  4:28  Engineering Bay  
  60  4:33  SCV  
  60  4:34  SCV  
  60  4:36  Supply Depot  
  60  4:37  Siege Tank  
  65  4:40  Marine x3  
  68  4:48  Barracks  
  68  4:50  SCV x2  
  70  4:57  Marine  
  70  4:58  Marine x2  
  73  5:00  Supply Depot  
  73  5:02  Terran Infantry Weapons Level 1  
  73  5:06  SCV x2  
  75  5:13  Siege Tank  
  78  5:18  Combat Shield  
  78  5:21  Marine x3  
  83  5:31  SCV x2  
  83  5:33  Starport Reactor  
  83  5:37  Command Center  
  83  5:43  SCV  
  83  5:44  SCV  
  83  5:46  Barracks  
  83  5:47  Barracks  
  83  5:48  Supply Depot  
  85  5:52  Siege Tank  
  85  5:56  SCV x2  
  90  6:03  Refinery  
  90  6:08  SCV x2  
  90  6:12  Marine x3  
  90  6:13  Marine x2  
  90  6:14  Medivac  
  90  6:16  Medivac  
  99  6:20  SCV x2  
  99  6:25  Supply Depot  
  101  6:32  SCV  
  102  6:38  SCV  
  101  6:40  Marine  
  101  6:42  Barracks Reactor  
  101  6:45  Barracks Reactor  
  101  6:46  Marine x4  
  101  6:47  Supply Depot, Siege Tank  
  109  6:50  SCV  
  109  6:54  Orbital Command  
  110  6:55  SCV  
  110  6:56  Terran Infantry Armor Level 1  
  111  7:05  SCV, Armory  
  111  7:07  SCV  
  113  7:09  Engineering Bay  
  113  7:15  Marine x4  
  114  7:16  Marine  
  114  7:17  SCV  
  114  7:18  Medivac  
  114  7:19  SCV  
  114  7:22  Medivac  
  124  7:24  SCV  
  124  7:29  Supply Depot, SCV  
  126  7:31  SCV  
  126  7:33  Supply Depot x2  
  126  7:36  SCV  
  128  7:38  Marine x5  
  133  7:49  Marine  
  133  7:50  Siege Tank, Marine x3  
  138  7:55  Marine  
  138  7:56  Marine x4  
  131  8:01  SCV x2  
  131  8:02  SCV  
  134  8:05  Command Center  
  134  8:07  Marine  
  134  8:08  Marine x2  
  134  8:11  Terran Infantry Weapons Level 2  
  134  8:12  Refinery x2  
  137  8:13  Terran Vehicle Weapons Level 1  
  137  8:14  Factory  
  137  8:17  SCV x3  
  140  8:22  Missile Turret  
  140  8:26  Barracks x3  
  140  8:30  SCV x3  
  143  8:38  Siege Tank  
  143  8:39  Medivac x2  
  150  8:42  SCV x3  
  150  8:44  Marine x4  
  157  8:54  Marine x2  
  157  8:59  Terran Infantry Armor Level 2  
  157  9:01  Factory Tech Lab  
  152  9:03  Supply Depot  
  152  9:04  Marine x3, Marauder  
  157  9:17  Barracks Tech Lab x2, Marine x5  
  157  9:19  Orbital Command  
  157  9:22  Marine  
  163  9:28  Marauder  
  163  9:30  Siege Tank  
  163  9:31  Marine x2, Command Center  
  168  9:36  Marauder  
  168  9:38  Barracks Tech Lab, Marauder  
  174  9:39  Marine x5  
  174  9:40  Marine  
  180  9:58  Ghost Academy  
  180  10:03  Command Center  
  180  10:04  Command Center  
  180  10:24  Command Center  
  180  10:36  Personal Cloaking  
  180  10:42  Siege Tank, Marine x2, Ghost x3  
  185  10:43  Medivac  
  190  10:55  SCV x3  
  184  10:57  Terran Infantry Weapons Level 3  
  184  10:58  Command Center  
  184  11:00  Ghost  
  186  11:10  Ghost x3  
  178  11:11  Medivac  
  178  11:13  Marine x5, Medivac  
  178  11:14  Planetary Fortress  
  178  11:16  Orbital Command x2, Refinery  
  191  11:21  SCV x2  
  191  11:22  SCV  
  194  11:28  Ghost  
  185  11:36  Siege Tank  
  185  11:39  Marine, Ghost x3  
  192  11:40  Marine x3  
  192  11:43  Marine x2  
  196  11:57  Siege Tank, Ghost  
  185  12:06  SCV x3  
  185  12:07  Orbital Command  
  185  12:08  Siege Tank, Marauder  
  184  12:09  Refinery  
  184  12:14  Marine x3  
  184  12:15  Marine x3  
  184  12:19  Command Center  
  184  12:23  Orbital Command  
  184  12:24  Missile Turret  
  184  12:25  Ghost x2  
  184  12:27  Ghost  
  184  12:28  Concussive Shells  
  184  12:29  Siege Tank, Marine  
  196  12:30  Marine, Marauder  
  196  12:32  Marine x2  
  199  12:44  Missile Turret  
  199  12:48  Missile Turret  
  197  12:53  Ghost  
  198  13:01  Ghost x2  
  196  13:09  Ghost  
  185  13:13  Medivac  
  185  13:15  Marine x5  
  190  13:21  Ghost  
  190  13:24  Siege Tank, Medivac  
  188  13:29  Ghost  
  188  13:30  Ghost  
  187  13:39  Ghost  
  175  13:42  Marine x4  
  175  13:43  Medivac  
  175  13:44  Marine x4  
  183  13:49  Starport x2  
  183  13:50  Ghost  
  183  13:54  Medivac  
  181  13:58  Marine x2  
  181  14:00  Marine x4  
  181  14:02  Marine x3  
  187  14:07  Marine  
  187  14:08  Marine  
  183  14:13  Medivac  
  183  14:16  Marine x2  
  178  14:18  Ghost  
  165  14:24  Medivac  
  165  14:25  Marine x6, Ghost  
  165  14:28  Marine  
  176  14:34  Ghost  
  176  14:38  Marine x2  
  176  14:42  Marine  
  176  14:43  Marine, Viking  
  174  14:47  Marine, Ghost  
  174  14:49  Marine  
  174  14:50  Marine  
  174  14:51  Marine  
  161  14:53  Marine  
  161  14:54  Ghost, Medivac  
  161  14:56  Marine, Ghost  
  161  14:58  Medivac  
  171  15:00  Marine  
  171  15:01  Marine  
  171  15:02  Marine  
  171  15:04  Marine, Command Center  
  171  15:05  Command Center  
  175  15:07  Marine  
  175  15:08  Marine  
  175  15:11  Marine x2  
  175  15:14  Marine  
  175  15:15  Ghost  
  175  15:18  Marine  
  175  15:20  Ghost  
  175  15:21  Refinery, Command Center  
  180  15:22  Ghost, Missile Turret  
  180  15:24  Ghost  
  184  15:28  Marine  
  184  15:29  Marine x4  
  184  15:32  Supply Depot  
  184  15:33  Marine  
  184  15:34  Marine  
  191  15:45  Marauder  
  191  15:49  Command Center, Marauder  
  185  15:52  Marauder  
  185  15:53  Marauder  
  189  16:06  Marauder  
  189  16:11  Marauder  
  193  16:13  Marauder  
  193  16:15  Marauder  
  193  16:16  Missile Turret  
  197  16:18  Starport Reactor x2  
  197  16:20  Missile Turret x2, Command Center  
  197  16:21  Fusion Core, Terran Vehicle Weapons Level 2  
  197  16:22  Terran Infantry Armor Level 3, Command Center, Armory  
  197  16:29  Missile Turret  
  197  16:30  Missile Turret  
  197  16:31  Sensor Tower  
  197  16:35  Planetary Fortress  
  197  16:41  Command Center  
  197  16:46  Sensor Tower  
  197  16:53  Siege Tank  
  200  17:02  Planetary Fortress  
  199  17:20  Siege Tank  
  197  17:25  Siege Tank  
  197  17:28  Refinery x2, Command Center x2  
  200  17:30  Advanced Ballistics  
  200  17:39  Ghost x2  
  200  17:41  Ghost x2  
  178  17:52  Siege Tank  
  178  17:57  Marine  
  175  17:59  Orbital Command  
  175  18:01  Liberator x2  
  181  18:08  Ghost x2  
  181  18:10  Ghost  
  187  18:15  Siege Tank  
  190  18:21  Orbital Command  
  190  18:24  Siege Tank  
  190  18:26  Liberator x2  
  199  18:37  Armory  
  199  18:40  Terran Vehicle Weapons Level 3  
  199  18:41  Orbital Command  
  199  18:42  Orbital Command  
  199  18:45  Missile Turret  
  199  18:47  Planetary Fortress, Missile Turret, Refinery  
  199  18:48  Refinery  
  199  18:49  Missile Turret  
  199  18:53  Planetary Fortress, Missile Turret  
  199  19:16  Factory  
  199  19:18  Command Center, Factory  
  199  19:21  Sensor Tower  
  199  19:24  Factory  
  189  20:04  Viking x2  
  189  20:05  Thor  
  187  20:15  Ghost  
  187  20:16  Thor  
  187  20:18  Ghost  
  187  20:19  Ghost  
  187  20:20  Viking x2  
  194  20:27  Viking  
  196  20:32  Hi-Sec Auto Tracking  
  196  20:38  Ghost  
  196  20:41  Factory Reactor  
  198  20:43  Factory Reactor, Factory Tech Lab  
  198  20:44  Ghost  
  198  20:46  Infernal Pre-Igniter  
  193  21:07  Ghost  
  194  21:18  Liberator x3  
Tags
 
Add a new tag
Caveats
  • Supply blocks, unpowered buildings, or Contaminate may cause inaccurate times.
  • Supply counts are checked every 10 seconds.